 Dungeon Crawl Stone Soup version 0.19.0-11-g3fc08b3 (webtiles) character file.

375 MovingMist the Skirmisher (level 6, -5/39 HPs)
             Began as a Gargoyle Fighter on Nov 10, 2016.
             Slain by MovingMist's ghost (10 damage)
             ... on level 4 of the Dungeon.
             The game lasted 00:07:48 (2447 turns).

MovingMist the Skirmisher (Gargoyle Fighter)        Turns: 2447, Time: 00:07:49

Health: -5/39      AC: 13    Str: 24    XL:     6   Next: 72%
Magic:  6/6        EV:  9    Int:  9    God:
Gold:   148        SH: 10    Dex: 11    Spells: 0 memorised, 5 levels left

rFire  x . .     SeeInvis .     x - +1 morningstar (crush)
rCold  + . .     Gourm    .     b - +0 scale mail
rNeg   + . .     Faith    .     c - +0 shield
rPois  ∞         Spirit   .     (no helmet)
rElec  +         Reflect  .     A - +0 cloak
rCorr  .         Harm     .     n - +0 pair of gloves (curse)
MR     .....                    (no boots)
Stlth  ..........               (no amulet)
                                (no ring)
                                i - ring of ice

@: mighty
A: negative energy resistance 1, electricity resistance, unbreathing,
petrification resistance, rot immunity, AC +4
a: no special abilities


You were on level 4 of the Dungeon.
You were not hungry.

You visited 1 branch of the dungeon, and saw 4 of its levels.

You collected 148 gold pieces.

Inventory:

Hand Weapons
 x - a +1 morningstar of crushing (weapon)
Armour
 b - a +0 scale mail (worn)
 c - a +0 shield (worn)
 n - a cursed +0 pair of gloves (worn)
 A - a +0 cloak (worn)
Jewellery
 i - a ring of ice (left hand)
 w - a cursed -2 ring of protection {unknown}
Scrolls
 e - a scroll of blinking {unknown}
 l - a scroll of magic mapping {unknown}
 p - a scroll of fear {unknown}
 r - 4 scrolls of identify {unknown}
 v - a scroll of remove curse {unknown}
 y - a scroll of immolation {unknown}
 B - a scroll of teleportation {unknown}
Potions
 g - a potion of cancellation {unknown}
 h - a potion of lignification {unknown}
 j - a potion of resistance {unknown}
 k - a potion of haste {unknown}
 m - 3 potions of agility {unknown}
 o - a potion of berserk rage {unknown}
 t - a potion of flight {unknown}
 u - 2 potions of curing {unknown}
 z - a potion of magic {unknown}
 C - a potion of cure mutation {unknown}
Comestibles
 a - a meat ration
 f - 3 bread rations
 q - a slice of pizza
 s - 9 chunks of flesh


   Skills:
 + Level 4.6 Fighting
 + Level 3.5 Maces & Flails
 - Level 3.2 Armour
 * Level 3.3 Dodging
 + Level 4.4 Shields


You had 5 spell levels left.
You didn't know any spells.

Dungeon Overview and Level Annotations

Branches:
Dungeon (4/15)
 Temple: D:4-7

Altars:
Makhleb
Trog

Annotations:
D:4 MovingMist's ghost, amateur GrFi; Natasha


Innate Abilities, Weirdness & Mutations

You are resistant to torment.
Your stone body is resilient. (AC +4)
You are immune to poison.
You resist negative energy. (rN+)
You are resistant to electric shocks. (rElec)
You can survive without breathing.
You are immune to petrification.
You are immune to rotting.


Message History

You closely miss MovingMist's ghost. MovingMist's ghost closely misses you.
You hit MovingMist's ghost.
MovingMist's ghost is lightly damaged.
MovingMist's ghost hits you! MovingMist's ghost hits you.
You hit MovingMist's ghost but do no damage.
MovingMist's ghost is lightly damaged.
You block MovingMist's ghost's attack.
Your shield and scale mail prevent you from hitting MovingMist's ghost.
MovingMist's ghost is lightly damaged.
MovingMist's ghost hits you.
* * * LOW HITPOINT WARNING * * *
Okay, then.
You feel very mighty all of a sudden. MovingMist's ghost closely misses you.
You puncture MovingMist's ghost!
MovingMist's ghost is heavily damaged.
You block MovingMist's ghost's attack. Natasha claws you.
* * * LOW HITPOINT WARNING * * *
MovingMist's ghost hits you!
You die...

##### #...# ### #...# ##.#
#...###..# ##........# #####
#.....###.## #.....
###......##h.# #......
#......#..@W.# .......
##.##...#####.# .......
#..##...# #.## .......
#..###.## #..##$......
##.###.# #........... #.)##.#
#.##........ ##....##
#...........
##########..<####............
.##....####....##....#.......


You could see Natasha and MovingMist's ghost.

Vanquished Creatures
  A scorpion (D:4)
  A howler monkey (D:4)
  A bullfrog skeleton (D:3)
  An orc priest (D:4)
  Jessica (D:2)
  Natasha (twice) (D:4)
  A worker ant (D:3)
  3 adders
  An ooze (D:1)
  2 worms
  2 dart slugs (D:1)
  5 leopard geckos
  6 orcs (D:4)
  3 ball pythons (D:2)
  2 giant cockroaches
  8 hobgoblins
  6 jackals
  5 quokkas
  A ball python skeleton (D:4)
  6 bats
  5 frilled lizards
  7 goblins
  13 kobolds
  2 rats
85 creatures vanquished.

Notes
Turn   | Place    | Note
-------+----------+-------------------------------------------
     0 | D:1      | MovingMist the Gargoyle Fighter began the quest for the Orb.
     0 | D:1      | Reached XP level 1. HP: 14/14 MP: 1/1
    50 | D:1      | Reached XP level 2. HP: 17/19 MP: 2/2
   264 | D:1      | Reached skill level 1 in Dodging
   678 | D:1      | Reached XP level 3. HP: 21/23 MP: 3/3
  1048 | D:2      | Found a burning altar of Makhleb.
  1113 | D:2      | Noticed a cacodemon
  1134 | D:2      | Reached XP level 4. HP: 28/28 MP: 4/4
  1380 | D:2      | Noticed Jessica
  1384 | D:2      | Killed Jessica
  1666 | D:3      | Reached XP level 5. HP: 31/33 MP: 5/5
  2214 | D:4      | Noticed Natasha
  2218 | D:4      | Killed Natasha
  2245 | D:4      | Noticed Natasha
  2249 | D:4      | Reached XP level 6. HP: 38/39 MP: 6/6
  2261 | D:4      | Killed Natasha
  2313 | D:4      | Found a bloodstained altar of Trog.
  2424 | D:4      | Noticed MovingMist's ghost (amateur GrFi)
  2438 | D:4      | Noticed Natasha
  2447 | D:4      | Slain by MovingMist's ghost

Skill      XL: |  1  2  3  4  5 |
---------------+----------------+-----
Dodging        | 1 2 3 |  3.3
Fighting       | 4 |  4.6
Maces & Flails | 3 |  3.5
Shields        | 4 |  4.4
Armour         | |  3.2

Action                   |  1- 3 |  4- 6 || total
-------------------------+-------+-------++-------
Melee: Flail             |   141 |    93 ||   234
       Morningstar       |       |    86 ||    86
  Use: Potion            |       |     1 ||     1
  Eat: Chunk             |     1 |     5 ||     6
Armor: Scale mail        |    76 |    79 ||   155
Dodge: Dodged            |    56 |    65 ||   121
Block: Shield            |    97 |    91 ||   188
